 Dungeon Crawl Stone Soup version 0.23.2-1-ga50397a6bc (webtiles) character file.

Game seed: 3420210430993882462

65 LostNumber the Insei (level 4, 0/23 HPs)
             Began as a Vine Stalker Transmuter on Apr 23, 2019.
             Slain by an adder (5 damage)
             ... on level 2 of the Dungeon.
             The game lasted 00:07:17 (2813 turns).

LostNumber the Insei (Vine Stalker Transmuter)      Turns: 2813, Time: 00:07:18

Health: 0/23       AC:  2    Str: 12    XL:     4   Next: 13%
Magic:  0/8        EV: 12    Int: 14    God:
Gold:   136        SH:  0    Dex: 15    Spells: 1/7 levels left

rFire    . . .     SeeInvis .     - Unarmed
rCold    . . .     Gourm    .   (no shield)
rNeg     . . .     Faith    .   b - +0 robe
rPois    .         Spirit   +   (no helmet)
rElec    .         Reflect  .   (no cloak)
rCorr    .         Harm     .   (no gloves)
MR       .....                  (no boots)
Stlth    +.........             (no amulet)
HPRegen  0.47/turn              (no ring)
MPRegen  0.11/turn              (no ring)

@: lethally poisoned (0 -> 0)
A: fangs 2, regeneration 1, magic shield, antimagic bite, no potion heal 3, rot
immunity
a: no special abilities


You were on level 2 of the Dungeon.
You were hungry.

You visited 1 branch of the dungeon, and saw 3 of its levels.

You collected 136 gold pieces.

Inventory:

Missiles
 a - 35 arrows
Armour
 b - a +0 robe (worn)
Scrolls
 d - a scroll of teleportation {unknown}
 g - a scroll of random uselessness {unknown}
 k - a scroll of enchant armour {unknown}
 m - 2 scrolls of identify {unknown}
 o - a scroll of fear {unknown}
 p - a scroll of magic mapping {unknown}
Potions
 c - 2 potions of brilliance {unknown}
 h - 2 potions of degeneration {unknown}
 i - 2 potions of curing {unknown}
 j - a potion of resistance {unknown}
 l - a potion of heal wounds {unknown}
 n - a potion of ambrosia {unknown}
Comestibles
 e - 5 rations {!d}


   Skills:
 + Level 1.8 Fighting
 - Level 1.5 Dodging
 * Level 4.0 Unarmed Combat
 - Level 2.1 Spellcasting
 + Level 2.7 Transmutations


You had one spell level left.
You knew the following spells:

 Your Spells              Type           Power        Failure   Level  Hunger
a - Beastly Appendage     Tmut           #.....       8%          1    #......
s - Sticks to Snakes      Tmut           #.......     12%         2    ###....
x - Spider Form           Tmut/Pois      #.........   38%         3    ###....

Your spell library contained the following spells:

 Spells                   Type           Power        Failure   Level  Hunger
 Ice Form                 Ice/Tmut       #.......     80%         4    #####..
 Blade Hands              Tmut           #.........   91%         5    ######.


Dungeon Overview and Level Annotations

Branches:
Dungeon (3/15)

Altars:


Innate Abilities, Weirdness & Mutations

You have extremely sharp teeth.
Your natural rate of healing is unusually fast.
When hurt, damage is shared between your health and your magic reserves.
Your bite disrupts and absorbs the magic of your enemies.
Potions cannot restore your health.
You are immune to rotting.


Message History

You feel sick. The bat barely misses you.
The adder bites you but does no damage. The bat misses you.
The bat closely misses you.
You feel sick. The bat closely misses you. The bat closely misses you.
Your talons disappear.
You feel sick. The bat hits you.
You create a snake!
You now have 37 arrows.
The bat hits you but does no damage.
Unknown command.
The bat closely misses you.
Your ball python bites the bat but does no damage.
Your ball python closely misses the bat.
There is a stone staircase leading up here.
You feel sick. The bat closely misses you. The adder bites you.
The adder barely misses you.
Unknown command.
The bat hits your ball python. x2
Your ball python closely misses the bat. x2
There is a stone staircase leading up here.
You closely miss the adder. The bat hits your ball python.
The adder closely misses you.
You barely miss the adder.
You feel sick. The bat misses your ball python.
Your ball python bites the bat.
Your ball python grabs the bat.
Your ball python constricts the bat.
The bat hits your ball python.
Your ball python dies!
The adder misses you. The adder misses you. The adder bites you.
* * * LOW HITPOINT WARNING * * *
The adder bites you.
* * * LOW HITPOINT WARNING * * *
You climb upwards.
There is a stone staircase leading down here.
Casting: Sticks to Snakes (safe; 12% risk of failure)
You create a snake!
You now have 36 arrows.
The adder bites you.
* * * LOW HITPOINT WARNING * * *
The adder closely misses you.
Casting: Sticks to Snakes (safe; 12% risk of failure)
You create a snake!
You now have 35 arrows.
You feel sick. The adder barely misses you. The adder closely misses you.
Unknown command.
You hit the adder. The adder bites you.
* * * LOW HITPOINT WARNING * * *
The adder bites you.
* * * LOW HITPOINT WARNING * * *
Your ball python misses the adder.
Your ball python grabs the adder.
Your ball python constricts the adder.
Your water moccasin closely misses the adder.
The adder bites you.
You die...

⌠#####⌠.⌠#..###...######.#
####.##.##<.###....).###.##
.....##......###.###......#######
..#########..###.#.....#...>.....
### #>......#.....#.........
##### ###....#.##.....##........
....# #...#######.....##........
....####..########.....##........
.^..#.....##....@......##........
..............SSSS.....##........
.....).........###.....##........
..............## #.....##########
..............# #######
..............# ....###########
#####


You could see 2 adders, a friendly water moccasin and a friendly ball python.

Vanquished Creatures
  Terence (D:1)
  An ooze (D:1)
  2 dart slugs (D:1)
  An orc (D:3)
  A giant cockroach (D:1)
  3 goblins
  2 hobgoblins (D:1)
  6 jackals
  A ball python (D:1)
  6 bats
  3 frilled lizards
  4 kobolds
  A rat (D:2)
32 creatures vanquished.

Notes
Turn   | Place    | Note
-------+----------+-------------------------------------------
     0 | D:1      | LostNumber the Vine Stalker Transmuter began the quest for
                  | the Orb.
     0 | D:1      | Reached XP level 1. HP: 9/9 MP: 4/4
   100 | D:1      | Reached skill level 1 in Fighting
   149 | D:1      | Reached XP level 2. HP: 14/14 MP: 4/6
   871 | D:1      | Reached XP level 3. HP: 6/18 MP: 5/7
   959 | D:1      | Learned a level 2 spell: Sticks to Snakes
   963 | D:1      | Learned a level 3 spell: Spider Form
  1407 | D:2      | Noticed Terence
  2710 | D:1      | Killed Terence
  2710 | D:1      | Reached skill level 4 in Unarmed Combat
  2710 | D:1      | Gained mutation: Your natural rate of healing is unusually
                  | fast. [Vine Stalker growth]
  2710 | D:1      | Reached XP level 4. HP: 23/23 MP: 4/8
  2813 | D:2      | Slain by an adder

Skill      XL: |  1  2  3 |
---------------+----------+-----
Fighting       | 1 |  1.8
Unarmed Combat | 4 |  4.0
Dodging        | |  1.5
Spellcasting   | |  2.1
Transmutations | |  2.7

Action                   |  1- 3 |  4- 6 || total
-------------------------+-------+-------++-------
Melee: Unarmed           |   111 |    10 ||   121
       Kick              |     7 |     1 ||     8
       Bite              |    14 |     2 ||    16
       Headbutt          |     4 |       ||     4
 Cast: Beastly Appendage |    18 |     1 ||    19
       Spider Form       |     2 |       ||     2
       Sticks to Snakes  |     1 |     3 ||     4
  Eat: Chunk             |     5 |     1 ||     6
Armor: Robe              |    19 |     3 ||    22
Dodge: Dodged            |    98 |    17 ||   115
